General information
- name: BNet
- type: Ladder team game (AT/RT)
- host: Battle.net
- saver: sc2no.wc4yes
map: HurricaneIsle
- players: 8
- length: 24:27
- speed: Fast
- version: 1.26 W3XP
- replay type: Public
» download(107 KB)
Players
team 1 (winner)

»
sc2no.wc4yes (
teal | 79 APM | 1942 actions | 24:27)
4 Archmage
2 Blizzard
2 Brilliance Aura
8 Death Knight
3 Unholy Aura
3 Death Coil
1 Animate Dead
1 Death Pact
» actions
| Assign group hotkey | 76 | |
| Basic commands | 16 | |
| Build / train | 114 | |
| ESC pressed | 8 | |
| Enter build submenu | 58 | |
| Enter hero's abilities submenu | 12 | |
| Give item / drop item | 1 | |
| Right click | 619 | |
| Select / deselect | 400 | |
| Select group hotkey | 520 | |
| Use ability | 118 | |
1942 total
» units
| Peasant | 13 | |
| Acolyte | 7 | |
| Ghoul | 2 | |
| Gargoyle | 12 | |
| Goblin Shredder | 1 | |
| Goblin Zeppelin | 6 | |
| Frost Wyrm | 6 | |
| Mortar Team | 8 | |
55 total
» upgrades
| Creature Attack | 2 | |
| Creature Carapace | 3 | |
| Stone Form | 1 | |
| Web | 1 | |
| Fragmentation Shards | 1 | |
| Freezing Breath | 1 | |
| Gunpowder | 1 | |
| Armor | 1 | |
11 total
» buildings
| Altar of Kings | 1 | |
| Farm | 10 | |
| Crypt | 5 | |
| Ziggurat | 9 | |
| Halls of the Dead | 4 | |
| Graveyard | 1 | |
| Lumber Mill | 1 | |
| Altar of Darkness | 2 | |
| Black Citadel | 3 | |
| Sacrificial Pit | 1 | |
| Keep | 1 | |
| Boneyard | 10 | |
| Scout Tower | 23 | |
| Town Hall | 1 | |
| Guard Tower | 3 | |
| Tomb of Relics | 1 | |
| Blacksmith | 1 | |
| Castle | 3 | |
| Workshop | 4 | |
| Spirit Tower | 6 | |
| Arcane Vault | 1 | |
| Necropolis | 1 | |
| Arcane Tower | 1 | |
93 total
» build order
00:10 Altar of Kings
00:13 Farm
00:23 Crypt
00:25 Ziggurat
00:50 Farm
01:29 Halls of the Dead
01:29 Halls of the Dead
01:29 Halls of the Dead
01:43 Graveyard
02:09 Crypt
02:11 Crypt
02:15 Crypt
02:17 Ziggurat
02:18 Ziggurat
02:31 Ziggurat
02:35 Lumber Mill
02:48 Ziggurat
02:49 Ziggurat
03:15 Crypt
03:22 Altar of Darkness
03:24 Ziggurat
03:26 Altar of Darkness
03:28 Ziggurat
04:09 Ziggurat
05:00 Black Citadel
05:00 Black Citadel
07:02 Sacrificial Pit
08:24 Keep
08:37 Boneyard
08:38 Boneyard
08:38 Boneyard
08:39 Boneyard
09:10 Boneyard
09:11 Boneyard
09:11 Boneyard
09:17 Boneyard
09:18 Boneyard
09:18 Boneyard
10:56 Scout Tower
10:56 Scout Tower
10:57 Scout Tower
10:57 Scout Tower
11:01 Town Hall
11:55 Guard Tower
12:16 Tomb of Relics
13:16 Blacksmith
13:18 Castle
13:18 Castle
14:14 Workshop
14:14 Workshop
14:14 Workshop
14:15 Workshop
15:12 Spirit Tower
15:25 Spirit Tower
15:26 Spirit Tower
17:01 Farm
17:01 Farm
17:02 Farm
17:02 Farm
17:03 Farm
17:03 Farm
17:03 Farm
17:04 Farm
17:04 Scout Tower
17:05 Scout Tower
17:05 Scout Tower
17:06 Scout Tower
17:06 Scout Tower
17:06 Scout Tower
17:07 Scout Tower
17:07 Scout Tower
17:44 Scout Tower
17:45 Scout Tower
17:45 Scout Tower
17:46 Scout Tower
17:46 Scout Tower
17:47 Scout Tower
17:47 Scout Tower
18:38 Arcane Vault
18:43 Scout Tower
18:43 Scout Tower
19:14 Guard Tower
19:14 Guard Tower
20:53 Necropolis
23:45 Arcane Tower
» items
| Scroll of Town Portal | 4 | |
| Orb of Corruption | 1 | |
5 total
uBlinked (
purple | 41 APM | 1003 actions | 24:26)
5 Archmage
1 Summon Water Elemental
2 Blizzard
2 Brilliance Aura
5 Paladin
1 Holy Light
1 Divine Shield
3 Devotion Aura
» actions
| Assign group hotkey | 6 | |
| Basic commands | 54 | |
| Build / train | 102 | |
| ESC pressed | 1 | |
| Enter build submenu | 35 | |
| Enter hero's abilities submenu | 12 | |
| Give item / drop item | 2 | |
| Remove unit from queue | 6 | |
| Right click | 212 | |
| Select / deselect | 475 | |
| Select group hotkey | 28 | |
| Use ability | 69 | |
1003 total
» units
| Peasant | 13 | |
| Footman | 5 | |
| Goblin Shredder | 1 | |
| Ghoul | 2 | |
| Siege Engine | 26 | |
| Knight | 6 | |
| Goblin Zeppelin | 6 | |
59 total
» upgrades
| Defend | 1 | |
| Lumber Harvesting | 0 | |
| Plating | 3 | |
| Gunpowder | 3 | |
| Barrage | 1 | |
| Swords | 3 | |
| Animal War Training | 1 | |
12 total
» buildings
| Altar of Kings | 1 | |
| Farm | 11 | |
| Barracks | 2 | |
| Lumber Mill | 1 | |
| Keep | 1 | |
| Scout Tower | 11 | |
| Guard Tower | 6 | |
| Castle | 1 | |
| Blacksmith | 1 | |
| Workshop | 3 | |
| Town Hall | 2 | |
| Cannon Tower | 6 | |
46 total
» build order
00:25 Altar of Kings
00:41 Farm
01:00 Barracks
01:23 Lumber Mill
02:29 Farm
02:32 Farm
02:38 Farm
03:40 Farm
04:10 Keep
04:17 Scout Tower
04:19 Scout Tower
04:25 Scout Tower
04:50 Guard Tower
04:50 Guard Tower
04:56 Guard Tower
05:30 Guard Tower
06:45 Castle
07:32 Blacksmith
08:51 Workshop
09:08 Town Hall
09:12 Scout Tower
09:24 Scout Tower
09:34 Workshop
09:36 Workshop
09:57 Guard Tower
10:03 Farm
10:42 Farm
10:44 Farm
11:26 Farm
12:07 Farm
13:31 Barracks
13:33 Farm
19:30 Town Hall
19:31 Scout Tower
20:13 Guard Tower
20:17 Scout Tower
20:22 Scout Tower
20:27 Scout Tower
20:46 Scout Tower
20:47 Cannon Tower
20:49 Scout Tower
21:12 Cannon Tower
21:22 Cannon Tower
21:22 Cannon Tower
21:28 Cannon Tower
22:14 Cannon Tower
team 2 (loser)

»
Stripedlollipop (
pink | 36 APM | 880 actions | 24:25)
1 Archmage
1 Summon Water Elemental
1 Blood Mage
1 Flame Strike
1 Lich
1 Frost Nova
1 Death Knight
1 Death Coil
» actions
| Basic commands | 12 | |
| Build / train | 112 | |
| Enter build submenu | 36 | |
| Enter hero's abilities submenu | 4 | |
| Give item / drop item | 2 | |
| Remove unit from queue | 3 | |
| Right click | 253 | |
| Select / deselect | 394 | |
| Use ability | 64 | |
880 total
» units
| Peasant | 22 | |
| Rifleman | 5 | |
| Goblin Shredder | 1 | |
| Crypt Fiend | 5 | |
| Acolyte | 8 | |
| Goblin Zeppelin | 6 | |
| Gargoyle | 7 | |
| Siege Engine | 9 | |
| Mortar Team | 3 | |
66 total
» upgrades
| Creature Attack | 2 | |
| Creature Carapace | 2 | |
| Web | 1 | |
| Burrow | 1 | |
| Barrage | 1 | |
| Fragmentation Shards | 1 | |
8 total
» buildings
| Farm | 12 | |
| Keep | 1 | |
| Altar of Kings | 1 | |
| Blacksmith | 1 | |
| Barracks | 1 | |
| Arcane Vault | 1 | |
| Lumber Mill | 1 | |
| Scout Tower | 9 | |
| Guard Tower | 12 | |
| Halls of the Dead | 1 | |
| Workshop | 3 | |
| Castle | 1 | |
| Ziggurat | 1 | |
| Town Hall | 1 | |
46 total
» build order
01:11 Farm
01:55 Farm
01:57 Keep
02:03 Altar of Kings
02:13 Blacksmith
02:31 Farm
02:35 Farm
03:09 Barracks
03:11 Farm
04:06 Farm
04:44 Arcane Vault
04:47 Farm
05:19 Lumber Mill
05:27 Farm
06:02 Scout Tower
06:13 Scout Tower
06:34 Guard Tower
06:46 Guard Tower
06:50 Scout Tower
07:12 Guard Tower
07:24 Guard Tower
07:39 Halls of the Dead
08:05 Guard Tower
08:09 Workshop
08:20 Workshop
08:28 Scout Tower
08:34 Guard Tower
09:01 Castle
09:21 Ziggurat
09:57 Guard Tower
10:26 Guard Tower
10:53 Workshop
16:22 Farm
16:46 Town Hall
16:50 Scout Tower
17:30 Guard Tower
17:32 Scout Tower
17:35 Farm
18:25 Guard Tower
18:27 Scout Tower
19:06 Guard Tower
19:08 Scout Tower
19:16 Farm
19:40 Guard Tower
19:42 Scout Tower
21:50 Farm
» items
| Ivory Tower | 8 | |
| Scroll of Regeneration | 3 | |
| Orb of Fire | 1 | |
| Scroll of Town Portal | 1 | |
13 total

»
iSmeLDeadPeople (
orange | 30 APM | 619 actions | 20:22)
3 Blademaster
1 Wind Walk
2 Critical Strike
3 Shadow Hunter
2 Healing Wave
1 Hex
» actions
| Assign group hotkey | 13 | |
| Basic commands | 6 | |
| Build / train | 49 | |
| Enter build submenu | 29 | |
| Enter hero's abilities submenu | 7 | |
| Give item / drop item | 1 | |
| Remove unit from queue | 9 | |
| Right click | 142 | |
| Select / deselect | 206 | |
| Select group hotkey | 96 | |
| Use ability | 61 | |
619 total
» units
| Peon | 5 | |
| Goblin Shredder | 1 | |
| Troll Batrider | 8 | |
| Peasant | 2 | |
| Raider | 1 | |
17 total
» upgrades
| Liquid Fire | 1 | |
| Ranged Weapons | 1 | |
| Armor | 1 | |
| Masonry | 1 | |
4 total
» buildings
| Orc Burrow | 6 | |
| Altar of Storms | 1 | |
| Stronghold | 1 | |
| Voodoo Lounge | 1 | |
| Beastiary | 3 | |
| War Mill | 1 | |
| Spirit Tower | 3 | |
| Fortress | 1 | |
| Ziggurat | 1 | |
| Guard Tower | 6 | |
| Crypt | 1 | |
| Scout Tower | 3 | |
| Watch Tower | 2 | |
| Blacksmith | 1 | |
| Keep | 1 | |
| Farm | 2 | |
| Workshop | 3 | |
| Great Hall | 1 | |
38 total
» build order
00:19 Orc Burrow
00:28 Altar of Storms
01:53 Stronghold
02:25 Orc Burrow
03:14 Voodoo Lounge
03:27 Orc Burrow
04:28 Beastiary
05:37 War Mill
05:46 Spirit Tower
05:53 Spirit Tower
06:01 Beastiary
06:14 Orc Burrow
06:31 Fortress
07:06 Ziggurat
07:48 Guard Tower
08:39 Crypt
09:01 Orc Burrow
09:24 Orc Burrow
09:28 Guard Tower
09:35 Scout Tower
10:09 Watch Tower
10:18 Beastiary
10:23 Watch Tower
10:59 Blacksmith
11:02 Guard Tower
12:13 Guard Tower
12:58 Keep
14:02 Scout Tower
14:06 Scout Tower
14:13 Farm
14:20 Farm
15:17 Spirit Tower
15:50 Workshop
15:55 Workshop
15:59 Workshop
16:01 Guard Tower
16:03 Guard Tower
20:08 Great Hall
» items

»
QiMonkey (
blue | 44 APM | 243 actions | 05:32)
2 Death Knight
1 Death Coil
1 Unholy Aura
» actions
| Basic commands | 21 | |
| Build / train | 9 | |
| Enter build submenu | 9 | |
| Enter hero's abilities submenu | 2 | |
| Right click | 133 | |
| Select / deselect | 46 | |
| Use ability | 23 | |
243 total
» units
» buildings
| Altar of Darkness | 1 | |
| Ziggurat | 3 | |
| Tomb of Relics | 1 | |
| Graveyard | 1 | |
| Nerubian Tower | 1 | |
| Crypt | 1 | |
8 total
» build order
00:16 Altar of Darkness
00:22 Ziggurat
00:56 Tomb of Relics
01:06 Graveyard
01:17 Nerubian Tower
01:35 Ziggurat
01:45 Crypt
04:42 Ziggurat
» items
KWARD (
red | 22 APM | 164 actions | 07:18)
2 Archmage
1 Blizzard
1 Summon Water Elemental
» actions
| Build / train | 27 | |
| Enter build submenu | 18 | |
| Enter hero's abilities submenu | 2 | |
| Right click | 33 | |
| Select / deselect | 61 | |
| Use ability | 23 | |
164 total
» units
| Peasant | 20 | |
| Goblin Shredder | 1 | |
21 total
» buildings
| Altar of Kings | 1 | |
| Farm | 2 | |
| Lumber Mill | 1 | |
| Town Hall | 1 | |
| Scout Tower | 12 | |
| Guard Tower | 3 | |
20 total
» build order
00:06 Altar of Kings
00:11 Farm
02:15 Farm
04:49 Lumber Mill
05:00 Town Hall
05:58 Scout Tower
06:01 Scout Tower
06:04 Scout Tower
06:06 Scout Tower
06:23 Scout Tower
06:25 Scout Tower
06:30 Scout Tower
06:35 Guard Tower
06:47 Guard Tower
06:53 Scout Tower
06:53 Scout Tower
06:55 Scout Tower
06:59 Scout Tower
07:05 Scout Tower
07:12 Guard Tower
Chat log
(00:21 / Allies) uBlinked: stay
(00:29 / Allies) uBlinked: whos got him?
(00:31 / Allies) uBlinked: green?
(00:33 / All) AlexJonesGay452: no they need me
(00:36 / All) AlexJonesGay452: so they leave
(00:52 / Allies) uBlinked: flood yellow with money?
(00:57 / Allies) sc2no.wc4yes: yeah
(00:59 / Allies) sc2no.wc4yes: lets garg feed him
(01:07 / Allies) uBlinked: or frosty feed?
(01:12 / Allies) sc2no.wc4yes: give him all ur res
(01:14 / Allies) uBlinked: gargs are fast though
(01:14 / Allies) sc2no.wc4yes: ill garg feed him
(01:25 / Allies) uBlinked: im going tanks
(01:33 / Allies) uBlinked: and AM
(01:47 / Allies) uBlinked: i actually like this map
(01:50 / Allies) sc2no.wc4yes: feed the leaver 100%
(01:53 / Allies) sc2no.wc4yes: we have to win with garg feed
(01:57 / Allies) sc2no.wc4yes: green isnt moving
(02:00 / Allies) sc2no.wc4yes: if you havent caught on yet
(04:03 / Allies) uBlinked: just got scouted
(05:36 / Allies) uBlinked: next
(05:36 / Allies) uBlinked: next
(05:37 / Allies) uBlinked: next
(05:45 / Allies) sc2no.wc4yes: ya
(09:40 / Allies) sc2no.wc4yes: ok get tanks now
(09:44 / Allies) uBlinked: am
(13:43 / Allies) uBlinked: got tanks
(13:46 / Allies) uBlinked: who we hitting
(13:50 / Allies) sc2no.wc4yes: tankt hat guy
(13:51 / Allies) uBlinked: or red?
(13:52 / Allies) sc2no.wc4yes: hes the one goign bats
(13:55 / Allies) sc2no.wc4yes: that one
(15:55 / Allies) sc2no.wc4yes: when are you going to tank orange?
(15:57 / Allies) sc2no.wc4yes: in 40 minutes?
(15:59 / Allies) sc2no.wc4yes: come on man
(16:00 / Allies) sc2no.wc4yes: its 2v4
(16:03 / Allies) sc2no.wc4yes: you got to hold your end up
(16:18 / Allies) uBlinked: otw
(16:19 / Allies) uBlinked: right now
(16:21 / Allies) sc2no.wc4yes: when?
(16:23 / Allies) sc2no.wc4yes: in 40 minutes?
(16:28 / Allies) sc2no.wc4yes: you arent moving
(17:51 / Allies) sc2no.wc4yes: attack move into his town
(18:54 / Allies) sc2no.wc4yes: dotn control yellow
(19:00 / Allies) uBlinked: havent
(21:03 / All) Stripedlollipop: happy with your hack
(21:05 / All) Stripedlollipop: teal?
(21:06 / All) Stripedlollipop: lol
(21:06 / All) sc2no.wc4yes: 2v4>
(21:08 / All) sc2no.wc4yes: and you lost
(21:16 / All) Stripedlollipop: ur hack worked
(21:18 / All) Stripedlollipop: dumb ass
(21:19 / All) sc2no.wc4yes: what hack moron
(21:19 / All) Stripedlollipop: lol
(21:23 / All) Stripedlollipop: dumb
(21:25 / All) Stripedlollipop: noob
(21:35 / All) sc2no.wc4yes: 1v1 me with fog off
(21:36 / All) Stripedlollipop: everyone knows you useing hack
(21:38 / All) Stripedlollipop: well known
(21:39 / All) sc2no.wc4yes: see if its easier than 4v2
(21:42 / All) Stripedlollipop: u are trash
(21:58 / All) sc2no.wc4yes: 4v2 and u lost
(22:00 / All) sc2no.wc4yes: u mad granny?
(22:08 / All) Stripedlollipop: yes hacker
(22:12 / All) Stripedlollipop: cheater
(22:28 / All) Stripedlollipop: i know you hold to tp bdly
(22:30 / All) Stripedlollipop: lol
(22:42 / All) Stripedlollipop: very funny
(22:52 / All) sc2no.wc4yes: was that english?
(23:21 / All) Stripedlollipop: wanted to
(23:23 / All) Stripedlollipop: tp badly
(23:25 / All) Stripedlollipop: right?
(23:26 / All) Stripedlollipop: lol
(23:33 / All) sc2no.wc4yes: wait
(23:33 / All) sc2no.wc4yes: so
(23:34 / All) sc2no.wc4yes: you won?
(23:40 / All) Stripedlollipop: i am too smart
(23:42 / All) Stripedlollipop: dumb ass
(23:54 / All) Stripedlollipop: worst trash ever
(24:06 / All) sc2no.wc4yes: 4v2
(24:07 / All) sc2no.wc4yes: and u lost
(24:10 / All) sc2no.wc4yes: and youre afraid to 1v1
(24:11 / All) Stripedlollipop: live with your hack
(24:12 / All) Stripedlollipop: noob
(24:14 / All) Stripedlollipop: cheater
(24:16 / All) Stripedlollipop: cheater
(24:21 / All) Stripedlollipop: dumb cheater